 Dungeon Crawl Stone Soup version 0.17-a0-1989-gfb2cd5c (webtiles) character file.

443 Morphine the Sneak (level 7, -1/49 HPs)
             Began as an Octopode Assassin on Oct 7, 2015.
             Splashed by a jelly's acid (10 damage)
             ... on level 5 of the Dungeon.
             The game lasted 00:19:33 (3317 turns).

Morphine the Sneak (Octopode Assassin)              Turns: 3317, Time: 00:19:33

Health: -1/49      AC:  1    Str: 10    XL:     7   Next: 2%
Magic:  7/7        EV: 11    Int: 13    God:
Gold:   156        SH:  0    Dex: 16    Spells: 0 memorised, 6 levels left

rFire  . . .     SeeInvis .     a - +2 dagger
rCold  . . .     Clarity  .     (no shield)
rNeg   . . .     SustAt   .     (helmet restricted)
rPois  .         Gourm    .     (no amulet)
rElec  .         Spirit   .     t - +1 ring of evasion
rCorr  .         Warding  .     (no ring)
rMut   .         Stasis   .     (no ring)
MR     .....                    (no ring)
Stlth  +++++.....               (no ring)
                                (no ring)
                                (no ring)
                                (no ring)

@: not resistant to hostile enchantments, quite stealthy
A: almost no armour, amphibious, 8 rings, constrict 8, camouflage 1, gelatinous
body 1
a: no special abilities


You were on level 5 of the Dungeon.
You were very hungry.

You visited 1 branch of the dungeon, and saw 5 of its levels.

You collected 156 gold pieces.

Inventory:

Hand Weapons
 a - a +2 dagger (weapon)
 b - a +0 blowgun
 f - a +1 short sword of electrocution
 u - a +0 falchion
 A - a cursed -1 long sword
 F - a +0 longbow
Missiles
 c - 8 poisoned needles
 d - 2 curare-tipped needles
 g - 59 stones (quivered)
 j - 33 sling bullets
 p - 15 arrows
 x - 35 bolts
 G - 3 tomahawks
Jewellery
 t - a +1 ring of evasion (left tentacle)
Wands
 s - a wand of frost (31)
Scrolls
 h - 3 scrolls of fog {unknown}
 i - 11 scrolls of identify {unknown}
 m - a scroll of enchant weapon {unknown}
 o - a scroll of blinking {unknown}
 q - 4 scrolls of remove curse {unknown}
 v - 2 scrolls of teleportation {unknown}
 y - 2 scrolls of amnesia {unknown}
 B - a scroll of magic mapping {unknown}
 D - a scroll of immolation {unknown}
 I - a scroll of enchant armour {unknown}
Potions
 k - a potion of haste {unknown}
 n - 2 potions of heal wounds {unknown}
 r - 3 potions of flight {unknown}
 z - a potion of degeneration {unknown}
 H - 2 potions of resistance {unknown}
Miscellaneous
 J - a plain deck of summoning
Comestibles
 e - 3 bread rations
 l - 2 beef jerkies
 w - a royal jelly
 C - 4 fruits
 E - a slice of pizza


   Skills:
 + Level 4.4 Fighting
 - Level 2.0(2.5) Short Blades
 + Level 2.4(2.8) Long Blades
 - Level 2.0 Throwing
 + Level 4.6 Dodging
 - Level 6.0 Stealth


You had 6 spell levels left.
You didn't know any spells.

Dungeon Overview and Level Annotations

Branches:
Dungeon (5/15)
 Temple: D:4-7

Altars:
Makhleb
Nemelex Xobeh
Sif Muna
Vehumet
The Shining One

Portals:
Ossuary: D:5


Innate Abilities, Weirdness & Mutations

You cannot wear most types of armour.
You are amphibious.
You can wear up to eight rings at the same time.
You can use your tentacles to constrict eight enemies at once.
Your skin changes colour to match your surroundings (Stealth).
Your rubbery body absorbs attacks (AC +1).


Message History

The jelly is severely wounded.
The jelly barely misses you.
You hit the jelly.
Your tentacles burn!
* * * LOW HITPOINT WARNING * * *
The jelly is severely wounded.
The jelly hits you.
* * * LOW HITPOINT WARNING * * *
You are splashed with acid!
The acid burns!
* * * LOW HITPOINT WARNING * * *
You are no longer corroded.
You hear the slow hiss of a distant avalanche of sand.
The jelly completely misses you.
A giant frog zombie comes into view.
The giant frog zombie closely misses you.
The giant frog zombie misses you.
There is a stone staircase leading up here.
The jelly hits you.
* * * LOW HITPOINT WARNING * * *
You are splashed with acid!
The acid burns!
You die...

#.#.# #.#.#
#######.#.#
#.......#.#
#.#####.#.#
#.....#.#
#.#...#.#
#.#J###.#
#...@.#.#
#.#####.# .
#.......#
..###########.###
...........##.##
#..........##..#
#..............#
########.......#
#...∩..##


You could see a jelly.

Vanquished Creatures
  An ogre (D:4)
  A crimson imp (D:4)
  2 hounds
  An iguana (D:4)
  3 iron imps (D:3)
  2 worker ants (D:4)
  5 adders
  An ooze (D:1)
  3 adder skeletons (D:4)
  A worm (D:2)
  3 giant geckos
  10 bats
  11 goblins
  6 hobgoblins
  2 jackals (D:1)
  2 quokkas (D:3)
  A ball python (D:2)
  A giant cockroach (D:3)
  A giant newt (D:1)
  A jackal skeleton (D:4)
  6 kobolds
  5 rats
69 creatures vanquished.

Notes
Turn   | Place    | Note
--------------------------------------------------------------
     0 | D:1      | Morphine the Octopode Assassin began the quest for the Orb.
     0 | D:1      | Reached XP level 1. HP: 14/14 MP: 1/1
   168 | D:1      | Reached XP level 2. HP: 16/19 MP: 2/2
   183 | D:1      | Reached skill level 6 in Stealth
   669 | D:1      | Reached XP level 3. HP: 22/25 MP: 3/3
  1149 | D:2      | Found a radiant altar of Vehumet.
  1174 | D:2      | Reached XP level 4. HP: 26/31 MP: 4/4
  1229 | D:2      | Found a deep blue altar of Sif Muna.
  1753 | D:3      | Found a glowing golden altar of the Shining One.
  1772 | D:3      | Found a burning altar of Makhleb.
  1815 | D:3      | Reached XP level 5. HP: 26/36 MP: 5/5
  2619 | D:4      | Noticed an ogre
  2621 | D:4      | Killed an ogre
  2621 | D:4      | Reached skill level 1 in Long Blades
  2621 | D:4      | Reached XP level 6. HP: 41/43 MP: 6/6
  3182 | D:4      | Found a sparkling altar of Nemelex Xobeh.
  3246 | D:5      | Entered Level 5 of the Dungeon
  3258 | D:5      | Found a sand-covered staircase.
  3270 | D:5      | Reached XP level 7. HP: 47/49 MP: 7/7
  3317 | D:5      | Splashed by a jelly's acid

Vault maps used:
D:1:      lightli_arrival_lavapool, serial_bayou_lagoon_b
D:2:      old_standard_altar, lemuel_doored_altar
D:3:      demons_altar, lemuel_crystal_altar, first_bread, minmay_unequal
D:4:      nemelex_deck, hangedman_abyss_or_decor_jellyfish_corner,
          hangedman_decor_peaks_small, kennysheep_nub, minivault_23
D:5:      lemuel_crystal_altar, nicolae_overflow_hidden_temple, enter_ossuary_1,
          nemelex_spade_bored_becter, uniq_edmund

Action                   |  1- 3 |  4- 6 |  7- 9 || total
-------------------------+-------+-------+-------++-------
Melee: Dagger            |    64 |    85 |     4 ||   153
Throw: Stone             |     4 |       |       ||     4
 Stab: Sleeping          |    13 |    18 |       ||    31
       Distracted        |       |     1 |       ||     1
  Eat: Chunk             |     1 |     5 |       ||     6
